 Dungeon Crawl Stone Soup version 0.23.2-33-g5129a83184 (webtiles) character file.

Game seed: 2443575833603838790

586 MalarOregon the Chiller (level 7, -8/57 HPs)
             Began as a Ghoul Ice Elementalist on June 27, 2019.
             Splashed by a gnoll's acid (12 damage)
             ... on level 5 of the Dungeon.
             The game lasted 00:21:02 (8551 turns).

MalarOregon the Chiller (Ghoul Ice Elementalist)    Turns: 8551, Time: 00:21:02

Health: -8/57      AC:  3    Str: 12    XL:     7   Next: 37%
Magic:  8/10       EV: 13    Int: 12    God:
Gold:   106        SH:  0    Dex:  9    Spells: 7/12 levels left

rFire    . . .     SeeInvis .   f - +1 dagger
rCold    + . .     Gourm    .   (no shield)
rNeg     + + +     Faith    .   a - +0 robe
rPois    ∞         Spirit   .   (no helmet)
rElec    .         Reflect  .   (no cloak)
rCorr    .         Harm     .   (no gloves)
MR       .....                  h - +0 pair of boots
Stlth    ++........             (no amulet)
HPRegen  0.00/turn              (no ring)
MPRegen  0.12/turn              (no ring)

@: rotting
A: rotting body, claws 1, carnivore, cold resistance 1, negative energy
resistance 3, inhibited regeneration, torment resistance, unbreathing
a: no special abilities


You were on level 5 of the Dungeon.
You were not hungry.

You visited 1 branch of the dungeon, and saw 5 of its levels.

You collected 106 gold pieces.

Inventory:

Hand Weapons
 f - a +1 dagger (weapon)
   (You found it on level 1 of the Dungeon)
Armour
 a - a +0 robe (worn)
 h - a +0 pair of boots (worn)
   (You found it on level 4 of the Dungeon)
 p - a +0 buckler
   (You found it on level 3 of the Dungeon)
Magical Staves
 l - an uncursed staff of air
   (You found it on level 2 of the Dungeon)
Scrolls
 b - 3 scrolls of identify {@r1}
 d - 2 scrolls of remove curse {@r2}
 g - a scroll of fog
 k - a scroll of teleportation {@r4}
 m - a scroll of enchant weapon
Potions
 c - 2 potions of haste {@q3}
 j - a potion of resistance {unknown}
Comestibles
 e - 8 rations {!d}
 i - 2 chunks of flesh


   Skills:
 + Level 3.1 Fighting
 + Level 3.2 Dodging
 - Level 2.1 Stealth
 + Level 3.1 Spellcasting
   Level 0.7 Conjurations
 * Level 3.0 Summonings
 * Level 5.4 Ice Magic


You had 7 spell levels left.
You knew the following spells:

 Your Spells              Type           Power        Failure   Level  Hunger
a - Freeze                Ice            ###.         2%          1    #......
d - Summon Ice Beast      Ice/Summ       ##......     38%         4    #####..

Your spell library contained the following spells:

 Spells                   Type           Power        Failure   Level  Hunger
 Throw Frost              Conj/Ice       #.....       11%         2    ###....
 Ozocubu's Armour         Chrm/Ice       #.......     24%         3    ###....
 Throw Icicle             Conj/Ice       #.......     56%         4    #####..


Dungeon Overview and Level Annotations

Branches:
Dungeon (5/15)
 Temple: D:4-7

Altars:
Ashenzari
Cheibriados
Qazlal
Ru

Annotations:
D:1 worm
D:2 Centaur, exclusions: centaur and 1 more exclusion
D:4 1 runed translucent door, Lidrolic's ghost, amateur HuFi


Innate Abilities, Weirdness & Mutations

Your body is rotting away.
You thrive on raw meat.
You are immune to poison.
You have sharp fingernails.
You are carnivorous and can eat meat at any time.
Your flesh is cold resistant. (rC+)
You are immune to negative energy. (rN+++)
You do not regenerate when monsters are visible.
You are immune to unholy pain and torment.
You can survive without breathing.


Message History

The centaur hits you but does no damage.
Aim: a centaur (almost dead)
You freeze the centaur.
You kill the centaur!
Your Summonings skill increases to level 3!
You start resting.
You start resting.
Things that are here:
a +0 shortbow; 23 arrows
j - a fizzy dark potion You open the door.
There is an open door here.
An adder comes into view.
The adder hisses angrily.
Aim: an adder You freeze the adder.
The adder seems to slow down.
The adder closely misses you.
Aim: an adder (heavily wounded, slow)
You freeze the adder!
You kill the adder!
You butcher the adder corpse.
i - 3 chunks of flesh (gained 2)
You see here an adder skeleton. x2
Some of the chunks of flesh in your inventory have rotted away.
Found a ration.
e - 8 rations {!d} (gained 1)
Found 15 stones.
A gnoll comes into view.
It is wielding a -1 whip and carrying a wand of acid (5).
The gnoll moves out of view.
No target in view!
No target in view!
The gnoll shouts!
You hear a shout!
The gnoll zaps a wand.
The bolt of acid hits you!
You are splashed with acid!
A gnoll comes into view. It is wielding a +0 spear.
You hear a shout!
You start resting.
The gnoll is too close now for your liking.
The gnoll barely misses you.
Aim: a gnoll, wielding a -1 whip and carrying a wand of acid (4)
You freeze the gnoll.
The gnoll hits you with a cursed -1 whip!
* * * LOW HITPOINT WARNING * * *
Aim: a gnoll, wielding a -1 whip and carrying a wand of acid (4)
You freeze the gnoll.
The gnoll zaps a wand.
The bolt of acid hits you!!
* * * LOW HITPOINT WARNING * * *
You are splashed with acid!
You die...

##......# #.# #.#
#.###### #.# #.#
#(###### #.# #.#
#####......# #.#
#.#
...........###.###
#.#
.....g..)..#.....#
#.#
...........#.#.#.#
#.#
...........#...#.#
#.#
...........#####@#
#.#
...............g.#
#.#
..........######.#
#.# ########'##
#.# #.#
#.###########.#
#.............#
###############


You could see a gnoll.

Vanquished Creatures
  A sky beast (D:5)
  A centaur (D:5)
  2 howler monkeys
  2 hounds (D:5)
  An orc priest (D:3)
  A bullfrog skeleton (D:4)
  An iguana (D:4)
  An orc wizard (D:3)
  A worker ant zombie (D:5)
  3 gnolls
  4 adders
  A shadow imp (D:5)
  A worm (D:4)
  2 dart slugs (D:2)
  2 leopard geckos
  11 orcs
  8 bats
  3 giant cockroaches
  4 goblins
  4 hobgoblins
  3 jackals (D:4)
  2 quokkas
  A ball python (D:2)
  8 frilled lizards
  9 kobolds
  8 rats
85 creatures vanquished.

Notes
Turn   | Place    | Note
-------+----------+-------------------------------------------
     0 | D:1      | MalarOregon the Ghoul Ice Elementalist began the quest for
                  | the Orb.
     0 | D:1      | Reached XP level 1. HP: 14/14 MP: 2/2
   272 | D:1      | Reached XP level 2. HP: 16/20 MP: 3/3
   494 | D:1      | Reached skill level 1 in Fighting
  1367 | D:2      | Reached XP level 3. HP: 11/28 MP: 1/5
  1581 | D:2      | Noticed a centaur
  2066 | D:2      | Found a snail-covered altar of Cheibriados.
  2066 | D:2      | Found a stormy altar of Qazlal.
  3040 | D:2      | Found a sacrificial altar of Ru.
  3686 | D:2      | HP: 1/27 [gnoll/+0 whip (4)]
  3687 | D:2      | Reached XP level 4. HP: 1/35 MP: 2/6
  3996 | D:2      | Learned a level 4 spell: Summon Ice Beast
  4000 | D:2      | Found a shattered altar of Ashenzari.
  4078 | D:2      | Found a faded altar of an unknown god.
  4538 | D:3      | Reached skill level 4 in Ice Magic
  4740 | D:3      | Reached skill level 1 in Summonings
  4740 | D:3      | Reached XP level 5. HP: 15/41 MP: 0/7
  6159 | D:4      | Found a runed translucent door.
  6159 | D:4      | Noticed Lidrolic's ghost (amateur HuFi)
  7047 | D:4      | Reached XP level 6. HP: 31/47 MP: 9/9
  7462 | D:5      | Entered Level 5 of the Dungeon
  7649 | D:5      | Noticed a sky beast
  7661 | D:5      | Killed a sky beast
  7661 | D:5      | Reached skill level 5 in Ice Magic
  8009 | D:5      | Reached XP level 7. HP: 23/53 MP: 10/10
  8551 | D:5      | Splashed by a gnoll's acid

Skill      XL: |  1  2  3  4  5  6  7 |
---------------+----------------------+-----
Dodging        | 2 3 |  3.2
Spellcasting   | 2 3 |  3.1
Fighting       | 1 2 3 |  3.1
Ice Magic      | 4 5 |  5.4
Summonings     | 1 2 3 |  3.0
Stealth        | |  2.1
Conjurations   | |  0.7

Action                   |  1- 3 |  4- 6 |  7- 9 || total
-------------------------+-------+-------+-------++-------
Melee: Unarmed           |    85 |       |       ||    85
       Dagger            |    92 |   140 |     7 ||   239
 Cast: Freeze            |    30 |    77 |    25 ||   132
  Use: Scroll            |       |    10 |       ||    10
 Stab: Sleeping          |     2 |     1 |       ||     3
  Eat: Chunk             |    16 |    12 |     3 ||    31
       Ration            |       |     1 |       ||     1
Armor: Robe              |    38 |    30 |     8 ||    76
Dodge: Dodged            |   145 |   116 |    24 ||   285
